 Dungeon Crawl Stone Soup version 0.21.0-3-g78d12a8 (webtiles) character file.

4 tidbits the Caller (level 1, -1/7 HPs)
             Began as a Felid Summoner on Jan 8, 2018.
             Slain by a goblin
             ... wielding a cursed -3 dagger
              (5 damage)
             ... on level 2 of the Dungeon.
             The game lasted 00:01:16 (220 turns).

tidbits the Caller (Felid Summoner)                  Turns: 220, Time: 00:01:16

Health: -1/7       AC:  1    Str:  4    XL:     1   Next: 58%
Magic:  4/4        EV: 18    Int: 16    God:
Gold:   18         SH:  0    Dex: 16    Spells: 3/4 levels left
                                        Lives:  0   Deaths: 0

rFire    . . .     SeeInvis +     - Unarmed
rCold    . . .     Gourm    .   (shield unavailable)
rNeg     . . .     Faith    .   (armour unavailable)
rPois    .         Spirit   .   (helmet unavailable)
rElec    .         Reflect  .   (cloak unavailable)
rCorr    .         Harm     .   (gloves unavailable)
MR       .....                  (boots unavailable)
Stlth    +++.......             (no amulet)
HPRegen  0.02/turn              b - ring of see invisible
MPRegen  0.09/turn              (no ring)

@: quick
A: very small, no armour, no weapons or thrown items, stealth, claws 1, fangs 3,
see invisible, carnivore, speed 1, shaggy fur 1, slow metabolism 1, sharp paws
a: no special abilities


You were on level 2 of the Dungeon.
You were not hungry.

You visited 1 branch of the dungeon, and saw 2 of its levels.

You collected 18 gold pieces.

Inventory:

Jewellery
 b - a ring of see invisible (left paw)
   (You found it on level 1 of the Dungeon)
Scrolls
 e - a scroll of identify {unknown}
Potions
 d - a potion of brilliance {unknown}
Books
 a - a book of Callings

   Spells                             Type                      Level
   a - Summon Small Mammal            Summoning                    1
   b - Call Imp                       Summoning                    2
   c - Call Canine Familiar           Summoning                    3
   d - Summon Guardian Golem          Hexes/Summoning              3
   e - Summon Lightning Spire         Summoning/Air                4
   f - Summon Ice Beast               Ice/Summoning                4
Comestibles
 c - 2 rations


   Skills:
 - Level 2.6 Dodging
 - Level 2.6 Stealth
 + Level 1.2 Unarmed Combat
 - Level 2.0 Spellcasting
 - Level 4.0 Summonings


You had 3 spell levels left.
You knew the following spells:

 Your Spells              Type           Power        Failure   Level  Hunger
a - Summon Small Mammal   Summ           ##..         4%          1    #......


Dungeon Overview and Level Annotations

Branches:
Dungeon (2/15)

Altars:


Innate Abilities, Weirdness & Mutations

You cannot wear armour.
You are incapable of wielding weapons or throwing items.
Your paws allow you to move quietly. (Stealth)
You have sharp claws.
You have razor-sharp teeth.
You have supernaturally acute eyesight. (SInv)
You are carnivorous and can eat meat at any time.
You cover ground quickly.
You are covered in fur. (AC +1)
You have a slow metabolism.
Your sharp claws are effective at attacking unaware monsters.


Message History

You swing at nothing.
You swing at nothing.
You swing at nothing.
You swing at nothing.
You swing at nothing.
You swing at nothing.
You swing at nothing.
You swing at nothing.
You swing at nothing.
You swing at nothing.
You swing at nothing.
Your quokka disappears in a puff of smoke!
You swing at nothing.
You swing at nothing.
You swing at nothing.
You swing at nothing.
You swing at nothing.
Your quokka disappears in a puff of smoke!
You swing at nothing.
You swing at nothing.
You swing at nothing.
You swing at nothing.
You swing at nothing.
You swing at nothing.
You swing at nothing.
You swing at nothing.
You swing at nothing.
You swing at nothing.
You swing at nothing.
You swing at nothing.
You swing at nothing.
You swing at nothing.
You swing at nothing.
You swing at nothing.
You swing at nothing.
You swing at nothing.
A kobold comes into view. It is wielding a whip.
Casting: Summon Small Mammal
Confirm with . or Enter, or press ? or * to list all spells.
The kobold shouts!
The kobold throws a stone.
The stone barely misses you.
Casting: Summon Small Mammal
Confirm with . or Enter, or press ? or * to list all spells.
Casting: Summon Small Mammal
Confirm with . or Enter, or press ? or * to list all spells.
Your bat hits the kobold.
Your bat hits the kobold but does no damage.
Your quokka bites the kobold but does no damage.
Wield which item (- for none, * to show all)? (? for menu, Esc to quit)
Your mouth is now empty.
Your quokka barely misses the kobold.
You scratch the kobold but do no damage.
The kobold is moderately wounded.
Your bat hits the kobold. The kobold misses you.
Your quokka closely misses the kobold. x2
You scratch the kobold.
You kill the kobold!
Wield which item (- for none, * to show all)? (? for menu, Esc to quit)
c - 2 rations (in mouth)
You swing at nothing.
You swing at nothing.
You swing at nothing.
You swing at nothing.
You swing at nothing.
You swing at nothing.
You swing at nothing.
You swing at nothing.
You swing at nothing.
You swing at nothing.
You swing at nothing.
You swing at nothing.
You swing at nothing.
Your quokka disappears in a puff of smoke!
You swing at nothing.
You swing at nothing.
You swing at nothing.
You swing at nothing.
You swing at nothing.
You swing at nothing.
Your bat disappears in a puff of smoke!
Wield which item (- for none, * to show all)? (? for menu, Esc to quit)
Your mouth is now empty.
You now have 18 gold pieces (gained 12).
Things that are here:
a whip; a kobold corpse Unknown command.
You swap places.
Your quokka disappears in a puff of smoke!
Found a ring mail. 2 goblins come into view.
The goblin shouts!
An adder comes into view.
A hobgoblin comes into view. It is wielding a club.
Found a scroll labeled LEUWAYNLAHURCH.
Found a stone staircase leading down.
Found 21 poisoned needles.
You see here a scroll labeled LEUWAYNLAHURCH.
e - a scroll labeled LEUWAYNLAHURCH The hobgoblin shouts!
You hear an angry hiss.
The goblin hits you with an enchanted dagger.
Ouch! That really hurt!
You die...

######### ######.......#
.##............# ...
...............# ....
.........g..@>.##....
...........g.........
.....................
.......##...........(
......####............
#.....................
####...##.............###
.......##.............#
.......##.........#####


You could see a hobgoblin and a goblin.

Vanquished Creatures
  A dart slug (D:2)
  A leopard gecko (D:2)
  A kobold (D:2)
3 creatures vanquished.

Vanquished Creatures (collateral kills)
  A bat (D:2)
1 creature vanquished.

Grand Total: 4 creatures vanquished

Notes
Turn   | Place    | Note
-------+----------+-------------------------------------------
     0 | D:1      | tidbits the Felid Summoner began the quest for the Orb.
     0 | D:1      | Reached XP level 1. HP: 7/7 MP: 4/4
   119 | D:2      | Reached skill level 1 in Unarmed Combat
   220 | D:2      | Slain by a goblin

Skill      XL: |  1 |
---------------+----+-----
Unarmed Combat | 1 |  1.2
Dodging        | |  2.6
Stealth        | |  2.6
Spellcasting   | |  2.0
Summonings     | |  4.0

Action                   || total
-------------------------++-------
Melee: Unarmed           ||    10
       Bite              ||     1
 Cast: Summon Small Mamm ||     7
Armor: Skin              ||     1
Dodge: Dodged            ||    13

Table legend:
 A = Turns spent in this place as a percentage of turns spent in the entire game.
 B = Non-inter-level travel turns spent in this place as a percentage of non-inter-level travel turns spent in the entire game.
 C = Inter-level travel turns spent in this place as a percentage of turns spent in this place.
 D = Turns resting spent in this place as a percentage of non-inter-level travel turns spent in this place.
 E = Turns spent auto-exploring this place as a percentage of non-inter-level travel turns spent in this place.
 F = Non-inter-level travel turns spent in this place divided by the number of levels of this place that you've seen.
                   A       B       C       D       E      F
               +-------+-------+-------+-------+-------+----------------------
         Total | 100.0 | 100.0 |   0.0 |   0.0 |   0.0 | 110.0
       Dungeon | 100.0 | 100.0 |   0.0 |   0.0 |   0.0 | 110.0
               +-------+-------+-------+-------+-------+----------------------

Table legend:
 A = Kills in this place as a percentage of kills in entire the game.
 B = Kills by you in this place as a percentage of kills by you in the entire game.
 C = Kills by friends in this place as a percentage of kills by friends in the entire game.
 D = Other kills in this place as a percentage of other kills in the entire game.
 E = Experience gained in this place as a percentage of experience gained in the entire game.
 F = Experience gained in this place divided by the number of levels of this place that you have seen.
                   A       B       C       D       E      F
               +-------+-------+-------+-------+-------+----------------------
         Total | 100.0 | 100.0 | 100.0 |   N/A | 100.0 |   3.5
       Dungeon | 100.0 | 100.0 | 100.0 |   N/A | 100.0 |   3.5
               +-------+-------+-------+-------+-------+----------------------

Vault maps used:
D:1:      lightli_arrival_noodles, serial_forest, infiniplex_forest_end_2,
          infiniplex_forest_clump_diagonal, infiniplex_forest_join,
          infiniplex_forest_lined_2, minmay_stone_trees_medium
